 Dungeon Crawl Stone Soup version 0.31-a0-267-g3fc6992b3b (webtiles) character file.

Game seed: 7112245477792749766

5 qw the Shooter (level 1, 0/16 HPs)
             Began as a Minotaur Hexslinger on July 14, 2023.
             Slain by a gnoll
             ... wielding a +0 spear
              (4 damage)
             ... on level 1 of the Dungeon.
             The game lasted 00:00:04 (132 turns).

qw the Shooter (Minotaur Hexslinger)                 Turns: 132, Time: 00:00:05

Health: 0/16       AC:  2    Str: 12    XL:     1   Next: 66%
Magic:  1/1        EV: 12    Int: 10    God:
Gold:   25         SH:  0    Dex: 12    Spells: 1/2 levels left

rFire   . . .        a - +1 sling
rCold   . . .        (no shield)
rNeg    . . .        c - +0 robe
rPois   .            (helmet restricted)
rElec   .            (no cloak)
rCorr   .            (no gloves)
SInv    .            (no boots)
Will    .....        (no amulet)
Stlth   +            (no ring)
HPRegen 0.22/turn    (no ring)
MPRegen 0.07/turn

%: no passive effects
@: no status effects
A: horns 2, retaliatory headbutt
a: no special abilities


You were on level 1 of the Dungeon.
You visited 1 branch of the dungeon, and saw 1 of its levels.

You collected 25 gold pieces.


Innate Abilities, Weirdness & Mutations

You have a pair of horns on your head.
You reflexively headbutt those who attack you in melee.


   Skills:
 - Level 1.2 Fighting
 + Level 2.8 Ranged Weapons
 - Level 2.1 Dodging
 - Level 1.0 Spellcasting
 - Level 2.0 Hexes


You had one spell level left.
You knew the following spells:

 Your Spells              Type           Power      Damage    Failure   Level
a - Slow                  Hex            16%        N/A       16%         1

Your spell library contained the following spells:

 Spells                   Type           Power      Damage    Failure   Level
 Inner Flame              Hex/Fire       2%         N/A       56%         3
 Portal Projectile        Hex/Tloc       4%         N/A       56%         3
 Cause Fear               Hex            2%         N/A       83%         4

Inventory:

Hand Weapons
 a - a +1 sling (weapon)
Armour
 c - a +0 robe (worn)

Dungeon Overview and Level Annotations

Branches:
Dungeon (1/15)

Altars:

Shops:
D:1 !

Annotations:
D:1 exclusion: gnoll


Message History

You now have 25 gold pieces (gained 13).
You open the door.
Found a faded altar of an unknown god.
Enter note: A gnoll comes into view. It is wielding a +0 spear.
The gnoll shouts!
There is an open door here.
Enter note:
113 ||| DROPPING scroll of poison.
You drop a scroll of poison.
The gnoll hits the plant with a +0 spear.
The plant begins to die.
Enter note: The gnoll hits the plant with a +0 spear.
Enter note:
Enter note: The gnoll hits the plant with a +0 spear!
A nearby plant withers and dies.
You open the door.
The gnoll hits you from afar with a +0 spear.
There is an open door, spattered with blood here.
Enter note:
Enter note: You shoot a sling bullet.
The sling bullet hits the gnoll.
The gnoll is lightly wounded.
The gnoll hits you from afar with a +0 spear!
Ouch! That really hurt!
Enter note:
Enter note:
Enter note:
Enter note: You start resting.
A gnoll is nearby!
You shoot a sling bullet.
The sling bullet hits the gnoll but does no damage.
The gnoll is lightly wounded.
The gnoll closely misses you.
You shoot a sling bullet. The sling bullet hits the gnoll.
The gnoll is lightly wounded.
The gnoll hits you with a +0 spear.
You die...

############
#..........#
###.....####.#
........#
#?#####
###.....#
#P....#
#.....#
#8###.#
###.###
#.g.#.# #.#
#.#.#@# #.#
P.#.gP# .##
_.##### # P.##
.#


You could see a gnoll.

Vanquished Creatures
  A goblin (D:1)
  2 hobgoblins (D:1)
  2 frilled lizards (D:1)
5 creatures vanquished.

Notes
Turn   | Place    | Note
-------+----------+-------------------------------------------
     0 | D:1      | qw the Minotaur Hexslinger began the quest for the Orb.
     0 | D:1      | Reached XP level 1. HP: 16/16 MP: 1/1
     0 | D:1      | 0 ||| qw: Version: 0.3-a-52-g30416fa
     0 | D:1      | 0 ||| qw: Game counter: 7837
     0 | D:1      | 0 ||| qw: Melee chars always use a shield: true
     0 | D:1      | 0 ||| qw: God list: Okawaru
     0 | D:1      | 0 ||| qw: Allow faded altars: false
     0 | D:1      | 0 ||| qw: Do Orc after clearing Dungeon:15 true
     0 | D:1      | 0 ||| qw: Do second Lair branch before Depths: true
     0 | D:1      | 0 ||| qw: Lair rune preference: random
     0 | D:1      | 0 ||| qw: Goals: Normal
     0 | D:1      | 0 ||| PLANNING D:1-11
    44 | D:1      | Found Guitoess's Distillery.
    54 | D:1      | 54 ||| SHOPLISTING 2 potions of curing (84 gold, have 3).
    54 | D:1      | 54 ||| SHOPLISTING 2 potions of mutation (224 gold, have
                  | 3).
    54 | D:1      | 54 ||| SHOPLISTING potion of curing (42 gold, have 3).
    54 | D:1      | 54 ||| SHOPLISTING potion of heal wounds (70 gold, have 3).
    54 | D:1      | 54 ||| SHOPLISTING potion of might (56 gold, have 3).
   111 | D:1      | Found a faded altar of an unknown god.
   113 | D:1      | 113 ||| DROPPING scroll of poison.
   128 | D:1      | HP: 3/16 [gnoll/+0 spear (8)]
   132 | D:1      | Slain by a gnoll

Levels and vault maps discovered:
D:1:      minmay_arrival_split_and_join, layout_loops_ring, serial_shops,
          nicolae_square_shop, shapermc_ecumenical_altar_ellora

Action                     || total
---------------------------++-------
   Fire: Sling             ||    14
  Dodge: Dodged            ||     1

Table legend:
 A = Non-vault XP
 B = Vault XP
 C = Vault XP percentage of total XP
 D = Non-vault monster count
 E = Vault monster count
 F = Vault count percentage of total count
                 A         B        C        D         E       F
            +---------+---------+-------+---------+---------+-------
      Total |       8 |       0 |   0.0 |       5 |       0 |   0.0
            +---------+---------+-------+---------+---------+-------
        D:1 |       8 |       0 |   0.0 |       5 |       0 |   0.0
            +---------+---------+-------+---------+---------+-------
